AAA
NEW ORLEANS BABY CAKES @ WINNIPEG GOLDEYES
06/26/2052
 
TOP OF THE 1ST
Round Rock Express batting - Pitching for Albuquerque Isotopes : RHP Danny Stump
Pitching: RHP Danny Stump
Batting: LHB Jimmy Satterwhite 0-0: Ball
1-0: Called Strike
1-1: Ball
2-1: Called Strike
2-2: Fly out, F5 (Popup, 6S, EV 71.9 MPH)
Batting: LHB Bennett Coon 0-0: Called Strike
0-1: Ball
1-1: Swinging Strike
1-2: Foul Ball, location: 2F
1-2: Ball
2-2: Ball
3-2: Ground out U3 (Groundball, 34, EV 84.4 MPH)
Batting: SHB Mauricio Alvarado 0-0: Ball
1-0: Swinging Strike
1-1: Ball
2-1: Ball
3-1: Base on Balls
Batting: LHB Pat Maki 0-0: Ball
1-0: Ball
2-0: Ball
3-0: Base on Balls
Mauricio Alvarado to second
Batting: LHB Mike Kelley 0-0: Called Strike
0-1: Ball
1-1: Ball
2-1: Ball
3-1: Ground out 6-3 (Groundball, 6S, EV 88.8 MPH)
Top of the 1st over - 0 runs, 0 hits, 0 errors, 2 left on base; Round Rock 0 - Albuquerque 0
BOTTOM OF THE 1ST
Albuquerque Isotopes batting - Pitching for Round Rock Express : RHP Jon Dressler
Pitching: RHP Jon Dressler
Batting: LHB Chuck Fauth 0-0: Ball
1-0: Swinging Strike
1-1: Ball
2-1: Swinging Strike
2-2: Foul Ball, location: 2F
2-2: Ball
3-2: Foul Ball, location: 2F
3-2: Strikes out swinging
Batting: LHB Mike Brockington 0-0: Called Strike
0-1: Ground out 5-3 (Groundball, 56S, EV 66.9 MPH)
Batting: LHB Floyd Yingling 0-0: Ball
1-0: Called Strike
1-1: Foul Ball, location: 2F
1-2: Ball
2-2: Foul Ball, location: 2F
2-2: Ball
3-2: Ground out 1-3 (Groundball, P, EV 63.1 MPH)
Bottom of the 1st over - 0 runs, 0 hits, 0 errors, 0 left on base; Round Rock 0 - Albuquerque 0
TOP OF THE 2ND
Round Rock Express batting - Pitching for Albuquerque Isotopes : RHP Danny Stump
Batting: RHB Sean Van Veen 0-0: Ball
1-0: Ground out 6-3 (Groundball, 6, EV 81.2 MPH)
Batting: LHB Sam Bowyer 0-0: Called Strike
0-1: Ball
1-1: Ball
2-1: Foul Ball, location: 2F
2-2: Strikes out looking
Batting: LHB Theodore Legault 0-0: Ball
1-0: Ball
2-0: Ball
3-0: Base on Balls
Batting: LHB Bob Rodriguez 0-0: Ball
1-0: Ball
2-0: Called Strike
2-1: Ball
3-1: Ground out 4-3 (Groundball, 34, EV 81.2 MPH)
Top of the 2nd over - 0 runs, 0 hits, 0 errors, 1 left on base; Round Rock 0 - Albuquerque 0
BOTTOM OF THE 2ND
Albuquerque Isotopes batting - Pitching for Round Rock Express : RHP Jon Dressler
Batting: SHB Jun Carvajal 0-0: Foul Ball, location: 2F
0-1: Called Strike
0-2: Foul Ball, location: 2F
0-2: Ball
1-2: Strikes out swinging
Batting: LHB Ryan Hodge 0-0: Ball
1-0: Foul Ball, location: 2F
1-1: Fly out, F8 (Flyball, 8RD, EV 96.9 MPH)
Batting: RHB Matt Crisafi 0-0: SINGLE (Flyball, 4MD, EV 86.9 MPH)
Batting: RHB Josh Eschette 0-0: SINGLE (Groundball, 4MD, EV 94.4 MPH)
Matt Crisafi to second
Batting: RHB Matt Donahue 0-0: Ball
1-0: Ball
2-0: Ball
3-0: Called Strike
3-1: Foul Ball, location: 2F
3-2: Foul Ball, location: 2F
3-2: Strikes out swinging
Bottom of the 2nd over - 0 runs, 2 hits, 0 errors, 2 left on base; Round Rock 0 - Albuquerque 0
TOP OF THE 3RD
Round Rock Express batting - Pitching for Albuquerque Isotopes : RHP Danny Stump
Batting: LHB Jimmy Satterwhite 0-0: Ball
1-0: Ball
2-0: Ball
3-0: Base on Balls
Batting: LHB Bennett Coon 0-0: Ball
1-0: Called Strike
1-1: Ball
2-1: Ball
3-1: Called Strike
3-2: Foul Ball, location: 2F
3-2: Base on Balls
Jimmy Satterwhite to second
Batting: SHB Mauricio Alvarado 0-0: Ball
1-0: Ball
2-0: Ball
3-0: Base on Balls
Jimmy Satterwhite to third
Bennett Coon to second
Batting: LHB Pat Maki 0-0: Ball
1-0: Ball
Wild Pitch!
Jimmy Satterwhite scores
Bennett Coon to third
Mauricio Alvarado to second
2-0: Ball
3-0: Called Strike
3-1: Base on Balls
Batting: LHB Mike Kelley 0-0: Called Strike
0-1: Ball
1-1: SINGLE (Flyball, 34D, EV 85.0 MPH)
Bennett Coon scores
Mauricio Alvarado to third
Pat Maki to second
Batting: RHB Sean Van Veen 0-0: Ball
Wild Pitch!
Mauricio Alvarado scores
Pat Maki to third
Mike Kelley to second
1-0: SINGLE (Flyball, 89S, EV 85.0 MPH)
Pat Maki scores
Mike Kelley to third
Batting: LHB Sam Bowyer 0-0: Ball
1-0: Called Strike
1-1: Foul Ball, location: 2F
1-2: Ball
2-2: Foul Ball, location: 2F
2-2: Foul Ball, location: 2F
2-2: SINGLE (Groundball, 56D, EV 105.0 MPH)
Mike Kelley scores
Sean Van Veen to second
Pitching: LHP Evan Miller
Batting: LHB Theodore Legault 0-0: Ball
1-0: Fielders Choice at 2nd, 3-6 (Groundball, 3S, EV 80.6 MPH)
Sean Van Veen to third
Batting: LHB Bob Rodriguez 0-0: Ball
1-0: Called Strike
1-1: Ball
2-1: Called Strike
2-2: Foul Ball, location: 2F
2-2: TRIPLE (Line Drive, 89XD, EV 101.2 MPH)
Sean Van Veen scores
Theodore Legault scores
Batting: LHB Jimmy Satterwhite 0-0: Called Strike
0-1: Ball
1-1: Ball
2-1: Ball
3-1: Called Strike
3-2: Ground out 5-3 (Groundball, 56S, EV 69.4 MPH)
Bob Rodriguez scores
Batting: LHB Bennett Coon 0-0: Ball
1-0: Ball
2-0: Foul Ball, location: 2F
2-1: Ball
3-1: Foul Ball, location: 2F
3-2: Fly out, F8 (Flyball, 8RD, EV 103.1 MPH)
Top of the 3rd over - 8 runs, 4 hits, 0 errors, 0 left on base; Round Rock 8 - Albuquerque 0
BOTTOM OF THE 3RD
Albuquerque Isotopes batting - Pitching for Round Rock Express : RHP Jon Dressler
Batting: RHB Josh Wojcik 0-0: Ball
1-0: Ground out 6-3 (Groundball, 6, EV 87.5 MPH)
Batting: LHB Chuck Fauth 0-0: Called Strike
0-1: Ball
1-1: Foul Ball, location: 2F
1-2: Ball
2-2: SINGLE (Groundball, 4S, EV 68.8 MPH) (infield hit)
Batting: LHB Mike Brockington 0-0: Called Strike
0-1: Called Strike
0-2: SINGLE (Groundball, 6D, EV 95.6 MPH)
Chuck Fauth to second
Chuck Fauth to third
Batting: LHB Floyd Yingling 0-0: Ball
1-0: Reached on error, E3 (Groundball, 3, EV 79.4 MPH)
Chuck Fauth scores
Mike Brockington to second
Batting: SHB Jun Carvajal 0-0: Called Strike
0-1: Ball
1-1: Foul Ball, location: 2F
1-2: Ball
2-2: Fly out, F7 (Flyball, 78M, EV 90.6 MPH)
Batting: LHB Ryan Hodge 0-0: Called Strike
0-1: Swinging Strike
0-2: Fielders Choice at 2nd, 6-4 (Groundball, 6, EV 78.8 MPH)
Bottom of the 3rd over - 1 run, 2 hits, 1 error, 2 left on base; Round Rock 8 - Albuquerque 1
TOP OF THE 4TH
Round Rock Express batting - Pitching for Albuquerque Isotopes : LHP Evan Miller
Batting: SHB Mauricio Alvarado 0-0: Called Strike
0-1: Ground out 5-3 (Groundball, 5S, EV 91.9 MPH)
Batting: LHB Pat Maki 0-0: Foul Ball, location: 2F
0-1: Ball
1-1: Swinging Strike
1-2: Foul Ball, location: 2F
1-2: Ball
2-2: Ground out 4-3 (Groundball, 4, EV 78.8 MPH)
Batting: LHB Mike Kelley 0-0: Called Strike
0-1: Fly out, F7 (Flyball, 7LS, EV 96.2 MPH)
Top of the 4th over - 0 runs, 0 hits, 0 errors, 0 left on base; Round Rock 8 - Albuquerque 1
BOTTOM OF THE 4TH
Albuquerque Isotopes batting - Pitching for Round Rock Express : RHP Jon Dressler
Batting: RHB Matt Crisafi 0-0: Called Strike
0-1: Foul Ball, location: 2F
0-2: Foul Ball, location: 2F
0-2: Ball
1-2: Foul Ball, location: 2F
1-2: Ball
2-2: Strikes out swinging
Batting: RHB Josh Eschette 0-0: DOUBLE (Line Drive, 78D, EV 107.5 MPH)
Batting: RHB Matt Donahue 0-0: Called Strike
0-1: Foul Ball, location: 2F
0-2: Foul Ball, location: 2F
0-2: Ball
1-2: SINGLE (Line Drive, 6D, EV 101.2 MPH)
Josh Eschette to third
Batting: RHB Josh Wojcik 0-0: Called Strike
0-1: Grounds into double play, 5-4-3 (Groundball, 5, EV 83.8 MPH)
Bottom of the 4th over - 0 runs, 2 hits, 0 errors, 1 left on base; Round Rock 8 - Albuquerque 1
TOP OF THE 5TH
Round Rock Express batting - Pitching for Albuquerque Isotopes : LHP Evan Miller
Batting: RHB Sean Van Veen 0-0: Ball
1-0: Foul Ball, location: 2F
1-1: Fly out, F8 (Flyball, 8RD, EV 104.4 MPH)
Batting: LHB Sam Bowyer 0-0: Ball
1-0: Called Strike
1-1: Ball
2-1: Foul Ball, location: 2F
2-2: SINGLE (Groundball, 15S, EV 70.6 MPH) (infield hit)
Batting: LHB Theodore Legault 0-0: Ball
1-0: Grounds into double play, 5-4-3 (Groundball, 56S, EV 88.8 MPH)
Top of the 5th over - 0 runs, 1 hit, 0 errors, 0 left on base; Round Rock 8 - Albuquerque 1
BOTTOM OF THE 5TH
Albuquerque Isotopes batting - Pitching for Round Rock Express : RHP Jon Dressler
Batting: LHB Chuck Fauth 0-0: Called Strike
0-1: Called Strike
0-2: Strikes out swinging
Batting: LHB Mike Brockington 0-0: Ball
1-0: Ball
2-0: Foul Ball, location: 2F
2-1: Ground out 6-3 (Groundball, 6, EV 99.4 MPH)
Batting: LHB Floyd Yingling 0-0: Ball
1-0: Ball
2-0: Ball
3-0: Foul Ball, location: 2F
3-1: Base on Balls
Batting: SHB Jun Carvajal 0-0: Ball
1-0: Ball
2-0: Called Strike
2-1: Ball
3-1: Base on Balls
Floyd Yingling to second
Batting: LHB Ryan Hodge 0-0: Called Strike
0-1: Swinging Strike
0-2: Ball
1-2: Ball
2-2: Strikes out looking
Bottom of the 5th over - 0 runs, 0 hits, 0 errors, 2 left on base; Round Rock 8 - Albuquerque 1
TOP OF THE 6TH
Round Rock Express batting - Pitching for Albuquerque Isotopes : LHP Evan Miller
Batting: LHB Bob Rodriguez 0-0: Ball
1-0: Called Strike
1-1: Ball
2-1: Foul Ball, location: 2F
2-2: Ball
3-2: Ground out 6-3 (Groundball, 6, EV 103.8 MPH)
Batting: LHB Jimmy Satterwhite 0-0: Foul Ball, location: 2F
0-1: Ball
1-1: Ball
2-1: Called Strike
2-2: Strikes out swinging
Batting: LHB Bennett Coon 0-0: Swinging Strike
0-1: Ball
1-1: Foul Ball, location: 2F
1-2: Fly out, F8 (Flyball, 8RD, EV 81.9 MPH)
Top of the 6th over - 0 runs, 0 hits, 0 errors, 0 left on base; Round Rock 8 - Albuquerque 1
BOTTOM OF THE 6TH
Albuquerque Isotopes batting - Pitching for Round Rock Express : RHP Jon Dressler
Batting: RHB Matt Crisafi 0-0: Swinging Strike
0-1: Foul Ball, location: 2F
0-2: Ball
1-2: Ground out 5-3 (Groundball, 56S, EV 86.2 MPH)
Batting: RHB Josh Eschette 0-0: Ball
1-0: Called Strike
1-1: Ball
2-1: SINGLE (Groundball, 4MD, EV 100.6 MPH) (infield hit)
Batting: RHB Matt Donahue 0-0: Ball
1-0: Swinging Strike
1-1: Ground out U3 (Groundball, 34S, EV 69.4 MPH)
Josh Eschette to second
Batting: RHB Josh Wojcik 0-0: Ball
1-0: Called Strike
1-1: Ball
2-1: Ball
3-1: Foul Ball, location: 2F
3-2: Strikes out swinging
Bottom of the 6th over - 0 runs, 1 hit, 0 errors, 1 left on base; Round Rock 8 - Albuquerque 1
TOP OF THE 7TH
Round Rock Express batting - Pitching for Albuquerque Isotopes : LHP Evan Miller
Pitching: RHP Merv Bressler
Batting: SHB Mauricio Alvarado 0-0: Ground out 4-3 (Groundball, 4, EV 110.0 MPH)
Batting: LHB Pat Maki 0-0: Foul Ball, location: 2F
0-1: Foul Ball, location: 2F
0-2: Foul Ball, location: 2F
0-2: DOUBLE (Line Drive, 9LM, EV 105.0 MPH)
Pitching: RHP Crandon Bryan
Batting: LHB Mike Kelley 0-0: Fly out, F6 (Flyball, 6MD, EV 76.2 MPH)
Batting: RHB Sean Van Veen 0-0: Called Strike
0-1: Ground out 4-3 (Groundball, 4, EV 90.0 MPH)
Top of the 7th over - 0 runs, 1 hit, 0 errors, 1 left on base; Round Rock 8 - Albuquerque 1
BOTTOM OF THE 7TH
Albuquerque Isotopes batting - Pitching for Round Rock Express : RHP Jon Dressler
Batting: LHB Chuck Fauth 0-0: Ball
1-0: Foul Ball, location: 2F
1-1: Called Strike
1-2: Strikes out swinging
Pitching: RHP Chris Braden
Batting: LHB Mike Brockington 0-0: Swinging Strike
0-1: Ball
1-1: Swinging Strike
1-2: Strikes out swinging
Batting: LHB Floyd Yingling 0-0: Ball
1-0: Ball
2-0: Called Strike
2-1: Ball
3-1: Swinging Strike
3-2: Base on Balls
Batting: SHB Jun Carvajal 0-0: Foul Ball, location: 2F
0-1: Ball
1-1: Foul Ball, location: 2F
1-2: Foul Ball, location: 2F
1-2: Strikes out looking
Bottom of the 7th over - 0 runs, 0 hits, 0 errors, 1 left on base; Round Rock 8 - Albuquerque 1
TOP OF THE 8TH
Round Rock Express batting - Pitching for Albuquerque Isotopes : RHP Crandon Bryan
Batting: LHB Sam Bowyer 0-0: Ball
1-0: Foul Ball, location: 2F
1-1: Swinging Strike
1-2: Strikes out swinging
Batting: LHB Theodore Legault 0-0: Ball
1-0: SINGLE (Groundball, 6D, EV 105.0 MPH)
Batting: LHB Bob Rodriguez 0-0: Ball
1-0: Ball
2-0: Called Strike
2-1: Foul Ball, location: 2F
2-2: Strikes out swinging
Batting: LHB Jimmy Satterwhite 0-0: Foul Ball, location: 2F
0-1: Ball
1-1: Ball
2-1: Swinging Strike
2-2: Fly out, F7 (Line Drive, 7S, EV 94.4 MPH)
Top of the 8th over - 0 runs, 1 hit, 0 errors, 1 left on base; Round Rock 8 - Albuquerque 1
BOTTOM OF THE 8TH
Albuquerque Isotopes batting - Pitching for Round Rock Express : RHP Chris Braden
Batting: LHB Ryan Hodge 0-0: Ball
1-0: Swinging Strike
1-1: Ball
2-1: Foul Ball, location: 2F
2-2: Ball
3-2: SINGLE (Groundball, P, EV 85.6 MPH) (infield hit)
Batting: RHB Matt Crisafi 0-0: Ball
1-0: Ball
2-0: Ball
3-0: Base on Balls
Ryan Hodge to second
Batting: RHB Josh Eschette 0-0: Foul Ball, location: 2F
0-1: Foul Ball, location: 2F
0-2: Hit by Pitch
Ryan Hodge to third
Matt Crisafi to second
Batting: RHB Matt Donahue 0-0: Fly out, F9 (Flyball, 9LM, EV 85.6 MPH)
Runner from 3rd tags up, SCORES, throw by RF
Matt Crisafi to third
Batting: RHB Josh Wojcik 0-0: Called Strike
0-1: Foul Ball, location: 2F
0-2: Grounds into double play, 6-4-3 (Groundball, 6, EV 77.5 MPH)
Bottom of the 8th over - 1 run, 1 hit, 0 errors, 1 left on base; Round Rock 8 - Albuquerque 2
TOP OF THE 9TH
Round Rock Express batting - Pitching for Albuquerque Isotopes : RHP Crandon Bryan
Batting: LHB Bennett Coon 0-0: Foul Ball, location: 2F
0-1: SINGLE (Groundball, 3S, EV 73.8 MPH) (infield hit)
Batting: SHB Mauricio Alvarado 0-0: Ball
1-0: Called Strike
1-1: Grounds into double play, 5-4-3 (Groundball, 56, EV 108.8 MPH)
Batting: LHB Pat Maki 0-0: Ball
1-0: SOLO HOME RUN (Flyball, 9D, EV 100.6 MPH), Distance : 389 ft
Batting: LHB Mike Kelley 0-0: Called Strike
0-1: Swinging Strike
0-2: Ball
1-2: Ball
2-2: Foul Ball, location: 2F
2-2: Fly out, F9 (Flyball, 9LM, EV 80.6 MPH)
Top of the 9th over - 1 run, 2 hits, 0 errors, 0 left on base; Round Rock 9 - Albuquerque 2
BOTTOM OF THE 9TH
Albuquerque Isotopes batting - Pitching for Round Rock Express : RHP Chris Braden
Batting: LHB Chuck Fauth 0-0: Ball
1-0: Called Strike
1-1: Foul Ball, location: 2F
1-2: Strikes out looking
Batting: LHB Mike Brockington 0-0: Ball
1-0: Ball
2-0: Ball
3-0: Called Strike
3-1: Ground out 6-3 (Groundball, 6, EV 85.0 MPH)
Batting: LHB Floyd Yingling 0-0: Called Strike
0-1: Fly out, F8 (Flyball, 89S, EV 90.6 MPH)
Bottom of the 9th over - 0 runs, 0 hits, 0 errors, 0 left on base; Round Rock 9 - Albuquerque 2
Friday, April 26th , 2024 - OOTP Baseball 24.11 Build 85